 Dungeon Crawl Stone Soup version 0.31.0-32-g396128a36d (webtiles) character file.

Game seed: 6963853855861301871

14933 QarolusVenn the Torchbearer (level 12, -2/109 HPs)
             Began as a Naga Shapeshifter on Mar 8, 2024.
             Was a Believer of Yredelemnul.
             Slain by an iguana (7 damage)
             ... on level 1 of the Lair of Beasts.
             The game lasted 00:20:49 (10992 turns).

QarolusVenn the Torchbearer (Naga Shapeshifter)    Turns: 10992, Time: 00:20:49

Health: -2/109     AC: 18    Str: 18    XL:     12   Next: 21%
Magic:  28/28      EV:  5    Int: 15    God:    Yredelemnul [**....]
Gold:   1303       SH:  0    Dex: 20    Spells: 11/11 levels left

rFire   . .          .
                       - Unarmed
rCold   . . .        (shield currently unavailable)
rNeg    . . .        P - +7 chain mail "Roippug" {Str+2 Int+2}
rPois   +            (no helmet)
rElec   .            N - +2 cloak
rCorr   .            t - melded +2 pair of gloves of Ru's Regard {rN+ Will+ Dex+5}
SInv    +            x - +0 barding
Will    +....        f - amulet of regeneration Stlth
                     D - +6 ring of dexterity
HPRegen 1.18/turn    m - ring of magical power
MPRegen 0.21/turn

%: no passive effects
@: blade hands, very slow
A: reduced hp, AC +4, large, see invisible, deformed body, poison resistance,
slowness 2, spit poison 1, naga tail 1
a: Spit Poison, Begin Untransformation, Renounce Religion, Recall Undead
Harvest, Dark Bargain


You were on level 1 of the Lair of Beasts.
You worshipped Yredelemnul.
Yredelemnul was aware of your devotion.
You had blades for hands.
You visited 3 branches of the dungeon, and saw 14 of its levels.
You also visited: Bailey.

You collected 1303 gold pieces.


Innate Abilities, Weirdness & Mutations

You have blades for hands.
Your maximum health is decreased, since you lack skill for your form.
You are incapable of wielding weapons or throwing items.
Your serpentine skin is tough. (AC +4)
You have supernaturally acute eyesight. (SInv)
Armour fits poorly on your strangely shaped body.
Your system is resistant to poisons. (rPois)
You cover ground very slowly.
You can spit poison.
You have a snake-like lower body.


   Skills:
 - Level 8.1 Fighting
 + Level 2.0 Armour
 + Level 2.7 Dodging
 - Level 8.0 Unarmed Combat
 - Level 10.0 Invocations
 - Level 8.0 Evocations
 + Level 9.9 Shapeshifting


You had 11 spell levels left.
You didn't know any spells.
Your spell library contained the following spells:

 Spells                   Type           Power      Damage    Failure   Level
 Kiss of Death            Conj/Necr      0%         2d5       95%         1
 Sting                    Conj/Alch      0%         1d3       95%         1
 Summon Small Mammal      Summ           0%         N/A       95%         1
 Scorch                   Fire           0%         2d5       99%         2
 Call Canine Familiar     Summ           0%         N/A       100%        3
 Confusing Touch          Hex            0%         N/A       100%        3
 Frozen Ramparts          Ice            0%         1d1       100%        3
 Sigil of Binding         Hex            0%         N/A       100%        3
 Stone Arrow              Conj/Erth      0%         3d7       100%        3
 Summon Ice Beast         Ice/Summ       0%         N/A       100%        3
 Animate Armour           Summ/Erth      0%         N/A       100%        4
 Dimensional Bullseye     Hex/Tloc       0%         N/A       100%        4
 Dispel Undead            Necr           0%         3d6       100%        4
 Flame Wave               Conj/Fire      0%         2d4       100%        4
 Leda's Liquefaction      Alch/Erth      0%         N/A       100%        4
 Petrify                  Alch/Erth      0%         N/A       100%        4
 Summon Blazeheart Golem  Fire/Summ      0%         N/A       100%        4
 Iskenderun's Battlesphe  Conj           0%         2d6       100%        5
 Metabolic Englaciation   Hex/Ice        0%         N/A       100%        5
 Summon Mana Viper        Hex/Summ       0%         N/A       100%        5
 Summon Cactus Giant      Summ           0%         N/A       100%        6
 Monstrous Menagerie      Summ           0%         N/A       100%        7
 Lehudib's Crystal Spear  Conj/Erth      0%         10d2      100%        8

Inventory:

Missiles
 E - a throwing net {=f}
Armour
 t - the +2 pair of gloves of Ru's Regard (melded) {rN+ Will+ Dex+5}
   (You found it on level 4 of the Dungeon)

   Dex+5:     It affects your dexterity (+5).
   rN+:       It protects you from negative energy.
   Will+:     It increases your willpower.
 x - a +0 barding (worn)
 y - a +3 leather armour of willpower
 N - a +2 cloak (worn)
 P - the +7 chain mail "Roippug" (worn) {Str+2 Int+2}
   (You found it on level 8 of the Dungeon)

   Str+2:     It affects your strength (+2).
   Int+2:     It affects your intelligence (+2).
Magical Staves
 q - a staff of fire {!a}
 B - a staff of air {!a}
Jewellery
 a - an amulet of reflection
 f - an amulet of regeneration (around neck)
 m - a ring of magical power (right blade hand)
 D - a +6 ring of dexterity (left blade hand)
Talismans
 c - a beast talisman
 d - a flux talisman
 O - a blade talisman (active)
Wands
 i - a wand of polymorph (9)
 n - a wand of flame (23)
 u - a wand of quicksilver (14)
 A - a wand of charming (10)
 H - a wand of mindburst (4)
 M - a wand of iceblast (2)
Scrolls
 e - 3 scrolls of enchant weapon
 g - 2 scrolls of immolation
 h - 4 scrolls of blinking
 j - 5 scrolls of teleportation {unknown}
 k - 2 scrolls of poison {unknown}
 l - 3 scrolls of vulnerability
 o - 3 scrolls of fear {unknown}
 r - 2 scrolls of noise {unknown}
 s - 4 scrolls of amnesia
 w - 3 scrolls of silence {unknown}
 C - 5 scrolls of revelation {unknown}
 K - 3 scrolls of enchant armour {unknown}
 L - a scroll of fog {unknown}
Potions
 b - 4 potions of lignification
 p - 2 potions of berserk rage {!q}
 v - 6 potions of ambrosia
 z - a potion of might
 F - a potion of mutation
 G - 4 potions of enlightenment
 I - 2 potions of cancellation
 J - a potion of attraction {unknown}
 Q - a potion of brilliance {unknown}

Dungeon Overview and Level Annotations

Branches:
Dungeon (12/15)            Temple (1/1) D:5            Lair (1/5) D:8
    Orc (0/2) D:10         Bailey (visited)

Altars:
Ashenzari
Cheibriados
Dithmenos
Elyvilon
Fedhas
Gozag
Hepliaklqana
Kikubaaqudgha
Makhleb
Nemelex Xobeh
Okawaru
Qazlal
Ru
Sif Muna
Trog
Uskayaw
Vehumet
Wu Jian
Xom
Yredelemnul
Zin
The Shining One

Shops:
D:7 * D:10

[
.l)~~#Z####≈≈....#...#
#.## #ZZ.###≈.......##
###..##≈....#...#
#..###......... ##.##
#......... #Z.#
#......... ######Z.#
#....P.###
≈#.#~.l#ZZ##
#..###.##P ≈≈..≈≈.@Z##
#..###.... $≈.≈≈≈lZ##
#......... (≈≈≈~Z~##
#........# ~~≈~~≈#
#..#.....# .≈~###
##.##....# #~
#.##....# #
##########..#....#
.......<.........P
..................


You could see an iguana (ally target), a frilled lizard, 4 friendly frilled
lizard zombies, a friendly iguana zombie, a friendly komodo dragon zombie and a
friendly basilisk zombie.


Message History

* * * LOW HITPOINT WARNING * * *
The iguana bites you.
* * * LOW HITPOINT WARNING * * *
You hit the iguana.
The iguana is moderately wounded.
The frilled lizard bites you but does no damage.
The iguana bites you.
* * * LOW HITPOINT WARNING * * *
The iguana bites you.
* * * LOW HITPOINT WARNING * * *
You slice the iguana!!
You kill the iguana!
The dead are walking!
Your frilled lizard zombie bites the iguana but does no damage.
The iguana bites you!
* * * LOW HITPOINT WARNING * * *
The frilled lizard barely misses you.
You barely miss the iguana.
Your frilled lizard zombie bites the iguana but does no damage.
Unknown command.
You barely miss the iguana. The frilled lizard barely misses you.
The iguana bites you but does no damage.
Your iguana zombie bites the iguana.
Unknown command.
You hit the iguana.
The iguana is heavily wounded.
The frilled lizard bites you but does no damage.
The iguana bites you!
You die...
Your body rises from the dead as a mindless zombie.

Skill      XL: |  1  2  3  4  5  6  7  8  9 10 11 12 |
---------------+-------------------------------------+-----
Fighting       | 2 3 5 8 |  8.1
Unarmed Combat | 4 7 8 |  8.0
Shapeshifting  | 4 7 8 9 |  9.9
Invocations    | 4 7 10 | 10.0
Evocations     | 5 8 |  8.0
Dodging        | 2 |  2.7
Armour         | 2 |  2.0

Action                     |  1- 3 |  4- 6 |  7- 9 | 10-12 || total
---------------------------+-------+-------+-------+-------++-------
  Melee: Unarmed           |    82 |   172 |   304 |   541 ||  1099
         Punch             |     2 |     5 |     6 |     3 ||    16
Ability: Spit Poison       |     1 |     1 |     1 |     1 ||     4
  Evoke: Wand              |       |       |       |     1 ||     1
    Use: Scroll            |       |     5 |       |     9 ||    14
         Potion            |       |       |       |     2 ||     2
   Stab: Sleeping          |       |     1 |       |       ||     1
         Distracted        |       |       |     3 |     3 ||     6
 Armour: Animal skin       |    48 |    27 |       |       ||    75
         Ring mail         |       |    93 |     6 |       ||    99
         Leather armour    |       |       |    85 |       ||    85
         Skin              |       |       |   123 |   359 ||   482
         Chain mail        |       |       |       |    96 ||    96
  Dodge: Dodged            |    46 |    73 |   159 |   326 ||   604
   Form: Beast             |       |     1 |     1 |       ||     2
                           |       |     1 |       |       ||     1
         Flux              |       |       |     1 |       ||     1
         Blade             |       |       |       |     1 ||     1

Levels and vault maps discovered:
D:1:      kennysheep_arrival_seaside, layout_basic
D:2:      layout_rooms
D:3:      layout_loops_corners, mainiacjoe_overflow_alcove_2,
          mainiacjoe_overflow_six_doors_small, nicolae_overflow_squiral,
          basic_ecumenical_altar
D:4:      layout_gridville, kennysheep_mini_moat
D:5:      layout_basic, minmay_temple_entry_fiery, uniq_duvessa, uniq_sigmund,
          uniq_menkaure
D:6:      kennysheep_six_static_rooms, layout_loops_corners,
          mainiacjoe_overflow_alcove_1, mainiacjoe_overflow_cross_hatched
D:7:      layout_layer_cave, lemuel_crystal_altar, enter_ossuary_5,
          serial_shops, nicolae_shop_trees, minmay_misc_feat_doors
D:8:      layout_basic, mainiacjoe_overflow_boulevard,
          mainiacjoe_overflow_big_doors, david_lair_shrubbed, uniq_erica
D:9:      layout_roguey, mainiacjoe_overflow_catwalk,
          nicolae_hepliaklqana_hazy_memory, enter_bailey_2, minivault_11
D:10:     layout_basic, orc_david_3, uniq_psyche
D:11:     layout_roguey [special_room_bee], zin_statuary
D:12:     layout_loops_ring, portal_ice_cave_entry_pillars_2,
          minmay_mirror_moons_of_madness
Temple:   jpeg_temple_island
Lair:1:   lemuel_reptile_caves, layout_gridlike, lemuel_fruit_tree

Notes
Turn   | Place    | Note
-------+----------+-------------------------------------------
     0 | D:1      | QarolusVenn the Naga Shapeshifter began the quest for the
                  | Orb.
     0 | D:1      | Reached XP level 1. HP: 18/18 MP: 1/1
   327 | D:1      | Reached skill level 2 in Fighting
   327 | D:1      | Reached XP level 2. HP: 18/26 MP: 2/2
   399 | D:1      | You fall into a shaft and drop 1 floor!
   547 | D:2      | Reached XP level 3. HP: 33/33 MP: 3/3
   575 | D:2      | Reached skill level 3 in Fighting
  1270 | D:3      | Reached XP level 4. HP: 40/42 MP: 4/4
  1381 | D:3      | Found a hide-covered altar of Uskayaw.
  1426 | D:3      | Found a sparkling altar of Nemelex Xobeh.
  1666 | D:3      | Found a shadowy altar of Dithmenos.
  1675 | D:3      | Found a glowing golden altar of the Shining One.
  1736 | D:3      | Found a faded altar of an unknown god.
  2239 | D:4      | Found a bloodstained altar of Trog.
  2403 | D:4      | Reached XP level 5. HP: 50/50 MP: 5/5
  2407 | D:4      | Reached skill level 4 in Fighting
  2407 | D:4      | Reached skill level 4 in Unarmed Combat
  2417 | D:4      | Identified the +2 pair of gloves of Ru's Regard {rN+ Will+
                  | Dex+5}
  2952 | D:5      | Entered Level 5 of the Dungeon
  2952 | D:5      | Noticed a black bear
  3149 | D:5      | Noticed Dowan
  3149 | D:5      | Noticed Duvessa
  3160 | D:5      | Found a staircase to the Ecumenical Temple.
  3163 | D:5      | Killed Duvessa
  3164 | D:5      | Reached skill level 5 in Fighting
  3164 | D:5      | Reached skill level 4 in Shapeshifting
  3164 | D:5      | Reached XP level 6. HP: 62/62 MP: 6/6
  3164 | D:5      | Reached XP level 7. HP: 68/68 MP: 7/7
  3168 | Temple   | Entered the Ecumenical Temple
  3327 | Temple   | Became a worshipper of Yredelemnul the Dark
  3372 | D:5      | Killed Dowan
  3373 | D:5      | Reached skill level 6 in Fighting
  3430 | D:5      | Reached * piety under Yredelemnul
  3455 | D:5      | Reached skill level 7 in Fighting
  3475 | D:5      | Noticed Sigmund
  3483 | D:5      | Killed Sigmund
  3484 | D:5      | Reached skill level 8 in Fighting
  3484 | D:5      | Reached XP level 8. HP: 77/81 MP: 8/8
  3556 | D:5      | Noticed Menkaure
  3568 | D:5      | Killed Menkaure
  3656 | D:5      | Reached skill level 5 in Shapeshifting
  3977 | D:6      | Reached skill level 6 in Shapeshifting
  4084 | D:6      | Found a burning altar of Makhleb.
  4332 | D:6      | Reached ** piety under Yredelemnul
  4332 | D:6      | Reached skill level 7 in Shapeshifting
  4382 | D:6      | Reached XP level 9. HP: 88/88 MP: 9/9
  4456 | D:6      | Reached *** piety under Yredelemnul
  4554 | D:6      | Reached **** piety under Yredelemnul
  4555 | D:6      | Reached skill level 8 in Shapeshifting
  4613 | D:6      | Reached skill level 5 in Unarmed Combat
  4819 | D:6      | Found an opulent altar of Gozag.
  4838 | D:6      | Reached skill level 6 in Unarmed Combat
  4849 | D:6      | Reached ***** piety under Yredelemnul
  4979 | D:6      | Reached skill level 1 in Invocations
  5171 | D:7      | Reached skill level 2 in Invocations
  5187 | D:7      | Found Qiroduad's Assorted Antiques.
  5257 | D:7      | Reached skill level 3 in Invocations
  5353 | D:7      | Reached skill level 7 in Unarmed Combat
  5566 | D:7      | Found a snail-covered altar of Cheibriados.
  6294 | D:8      | Reached skill level 4 in Invocations
  6294 | D:8      | Reached XP level 10. HP: 79/96 MP: 11/13
  6331 | D:8      | Found a sacrificial altar of Ru.
  6653 | D:8      | Reached skill level 8 in Unarmed Combat
  6653 | D:8      | Reached skill level 5 in Invocations
  6686 | D:8      | Found a staircase to the Lair.
  6700 | D:8      | Reached skill level 1 in Evocations
  6882 | D:8      | Found an ornate altar of the Wu Jian Council.
  6894 | D:8      | Found a blossoming altar of Fedhas.
  6921 | D:8      | Identified the +7 chain mail "Roippug" {Str+2 Int+2}
  7041 | D:8      | Noticed Erica
  7052 | D:8      | Reached skill level 2 in Evocations
  7064 | D:8      | Killed Erica
  7065 | D:8      | Reached skill level 6 in Invocations
  7065 | D:8      | Reached skill level 3 in Evocations
  7085 | D:8      | Reached skill level 4 in Evocations
  7089 | D:8      | Reached skill level 7 in Invocations
  7399 | D:8      | Reached skill level 5 in Evocations
  7507 | D:8      | Reached ****** piety under Yredelemnul
  7663 | D:9      | Reached XP level 11. HP: 103/103 MP: 16/16
  7697 | D:9      | Reached skill level 8 in Invocations
  7777 | D:9      | Found a flagged portal.
  7786 | Bailey   | Entered a bailey
  7793 | Bailey   | Noticed an orc knight
  7798 | Bailey   | Identified the +0 chain mail of the Thinker {-Tele rN+++
                  | Will+++ Dex-4}
  7900 | Bailey   | Reached skill level 6 in Evocations
  7923 | Bailey   | Killed an orc knight
  7993 | Bailey   | Got Diudd's Incunabulum of the Prime Snowflakes
  8251 | D:9      | Found a broken altar of Ashenzari.
  8270 | D:9      | Found a hazy altar of Hepliaklqana.
  8446 | D:10     | Entered Level 10 of the Dungeon
  8459 | D:10     | Noticed Psyche
  8466 | D:10     | Killed Psyche
  8467 | D:10     | Reached skill level 9 in Invocations
  8674 | D:10     | Found a staircase to the Orcish Mines.
  8674 | D:10     | Found Quphi's Armour Boutique.
  8677 | D:10     | Noticed an orc knight
  8693 | D:10     | Killed an orc knight
  9134 | D:10     | Reached skill level 7 in Evocations
  9653 | D:11     | HP: 8/103 [killer bee (4)]
  9673 | D:11     | Reached skill level 10 in Invocations
  9693 | D:11     | Reached skill level 8 in Evocations
  9944 | D:11     | Noticed a two-headed ogre
  9945 | D:11     | Found a glowing silver altar of Zin.
  9951 | D:11     | Killed a two-headed ogre
  9999 | D:11     | Identified the +7 trident of Gallantry {distort, rN+}
 10016 | D:11     | Reached skill level 9 in Shapeshifting
 10060 | D:11     | Noticed a two-headed ogre
 10076 | D:11     | Killed a two-headed ogre
 10163 | D:11     | Reached XP level 12. HP: 106/110 MP: 19/19
 10497 | D:12     | Noticed a boulder beetle
 10755 | Lair:1   | Entered Level 1 of the Lair of Beasts
 10825 | Lair:1   | Reached skill level 2 in Dodging
 10852 | Lair:1   | Reached skill level 1 in Armour
 10986 | Lair:1   | Reached skill level 2 in Armour
 10988 | Lair:1   | HP: 10/109 [iguana (4)]
 10989 | Lair:1   | HP: 1/109 [iguana (10)]
 10992 | Lair:1   | Slain by an iguana

Vanquished Creatures
  Erica (D:8)
  2 two-headed ogres (D:11)
  2 orc knights
  A gargoyle (D:11)
  2 unseen horrors (D:11)
  6 komodo dragons
  Psyche (D:10)
  A troll (D:11)
  Sigmund (D:5)
  A shadow (D:11)
  12 yaks
  2 wyverns
  A wraith (D:11)
  Menkaure (D:5)
  2 acid dragons
  Duvessa (D:5)
  2 water moccasins
  7 orc warriors
  A sky beast (D:7)
  3 ice beasts
  An ogre (D:6)
  A black bear (D:5)
  A phantom (D:6)
  3 centaurs
  A kobold brigand (D:10)
  2 gnoll sergeants
  3 bullfrogs
  3 scorpions
  Dowan (D:5)
  4 wights (D:6)
  10 killer bees
  An electric eel (Lair:1)
  6 howler monkeys
  5 hounds
  2 orc priests
  A jelly (D:5)
  A sleepcap (D:4)
  A gnoll bouda (D:10)
  7 iguanas
  6 orc wizards
  11 gnolls
  12 adders
  2 white imps
  2 dart slugs (D:1)
  2 ribbon worms
  24 orcs
  3 endoplasms
  2 giant cockroaches
  8 hobgoblins
  3 jackals (D:3)
  16 kobolds
  6 ball pythons
  5 bats
  11 frilled lizards
  5 goblins
  4 rats (D:1)
226 creatures vanquished.

Vanquished Creatures (collateral kills)
  A komodo dragon (Lair:1)
  A queen bee (D:11)
  2 yaks
  A basilisk (Lair:1)
  A water moccasin (Lair:1)
  A black bear (Lair:1)
  An orc warrior (Bailey)
  An ice beast (D:6)
  A kobold brigand (D:9)
  18 killer bees (D:11)
  3 howler monkeys
  3 hounds
  2 orc priests (D:7)
  An iguana (D:6)
  An orc wizard (D:9)
  A gnoll (D:8)
  6 orcs
  6 frilled lizards (Lair:1)
  3 kobolds
54 creatures vanquished.

Vanquished Creatures (others)
  A wyvern zombie (Lair:1)
  A water moccasin zombie (Lair:1)
  A troll zombie (D:11)
  2 centaur zombies
  A bullfrog zombie (D:6)
  An iguana (Lair:1)
  11 killer bee zombies (D:11)
  A howler monkey zombie (D:9)
  An iguana zombie (Lair:1)
  2 gnoll zombies
  4 frilled lizard zombies (Lair:1)
  A hobgoblin zombie (Bailey)
  A kobold zombie (D:10)
  7 orc zombies
35 creatures vanquished.

Grand Total: 315 creatures vanquished

Table legend: (Time is in decaauts)
 A = Elapsed time spent in this place.
 B = Non-inter-level travel time spent in this place.
 C = Inter-level travel time spent in this place.
 D = Time resting spent in this place.
 E = Time spent auto-exploring this place.
 F = Levels seen in this place.
 G = Mean time per level.
                   A        B        C        D        E       F      G
               +--------+--------+--------+--------+--------+-----+--------+
         Total |  14112 |  13254 |    858 |    487 |  10360 |  15 |  940.8 |
       Dungeon |  13188 |  12420 |    768 |    347 |   9978 |  12 | 1099.0 |
        Temple |    216 |    128 |     88 |    122 |      0 |   1 |  216.0 |
          Lair |    264 |    264 |      0 |      0 |    147 |   1 |  264.0 |
        Bailey |    443 |    443 |      0 |     18 |    235 |   1 |  443.0 |
               +--------+--------+--------+--------+--------+-----+--------+

Top non-repeatable levels by time:
     D:8: 1779 daAuts
    D:10: 1538 daAuts
     D:7: 1533 daAuts
     D:6: 1464 daAuts
     D:3: 1266 daAuts
     D:1: 1138 daAuts
    D:11: 1130 daAuts
     D:4: 1079 daAuts
     D:5: 946 daAuts
     D:9: 721 daAuts
     D:2: 481 daAuts
  Bailey: 443 daAuts
  Lair:1: 264 daAuts
  Temple: 216 daAuts
    D:12: 106 daAuts

Table legend:
 A = Non-vault XP
 B = Vault XP
 C = Vault XP percentage of total XP
 D = Non-vault monster count
 E = Vault monster count
 F = Vault count percentage of total count
                 A         B        C        D         E       F
            +---------+---------+-------+---------+---------+-------
      Total |   13638 |    7695 |  36.1 |     189 |      92 |  32.7
            +---------+---------+-------+---------+---------+-------
        D:1 |      19 |       0 |   0.0 |      12 |       0 |   0.0
        D:2 |      56 |       0 |   0.0 |      12 |       0 |   0.0
        D:3 |      40 |       0 |   0.0 |      17 |       0 |   0.0
        D:4 |     132 |       0 |   0.0 |      14 |       0 |   0.0
        D:5 |     766 |     618 |  44.7 |      17 |       4 |  19.0
        D:6 |    1938 |     299 |  13.4 |      23 |       6 |  20.7
        D:7 |     757 |       0 |   0.0 |      17 |       0 |   0.0
        D:8 |    3366 |    1210 |  26.4 |      28 |       2 |   6.7
        D:9 |     916 |       0 |   0.0 |      13 |       0 |   0.0
       D:10 |     534 |     963 |  64.3 |      19 |       8 |  29.6
       D:11 |    3861 |    1853 |  32.4 |      10 |      26 |  72.2
       D:12 |     159 |       0 |   0.0 |       1 |       0 |   0.0
     Lair:1 |    1094 |    1593 |  59.3 |       6 |      22 |  78.6
     Bailey |       0 |    1159 | 100.0 |       0 |      24 | 100.0
            +---------+---------+-------+---------+---------+-------
